| TOP OF THE 1ST |
|
Milwaukee Brewers batting - Pitching for Pittsburgh Pirates : LHP Felix Bernal
|
|
Pitching: LHP Felix Bernal
|
|
|
Batting: LHB Jason Peck
|
0-0: Foul Ball, location: 2F 0-1: Fly out, F8 (Line Drive, 8RD, EV 95.6 MPH)
|
|
Batting: RHB Kisho Ito
|
0-0: Ball 1-0: Foul Ball, location: 2F 1-1: Ball 2-1: Fly out, F8 (Flyball, 8RXD, EV 96.9 MPH)
|
|
Batting: SHB Lewis Thorpe Jr.
|
0-0: Foul Ball, location: 2F 0-1: Fly out, F7 (Flyball, 7, EV 96.9 MPH)
|
| Top of the 1st over - 0 runs, 0 hits, 0 errors, 0 left on base; Milwaukee 0 - Pittsburgh 0 |
| BOTTOM OF THE 1ST |
|
Pittsburgh Pirates batting - Pitching for Milwaukee Brewers : RHP Mekonen Mahfudh
|
|
Pitching: RHP Mekonen Mahfudh
|
|
|
Batting: LHB Micah Boshnjaku
|
0-0: Called Strike 0-1: Fly out, F7 (Flyball, 7, EV 88.8 MPH)
|
|
Batting: RHB Chiel Palstermans
|
0-0: Called Strike 0-1: Swinging Strike 0-2: Ball 1-2: Reached on error, E2 (Groundball, 2R, EV 67.5 MPH)
|
|
Batting: LHB Brad Pepin
|
0-0: Called Strike Chiel Palstermans steals 2nd base 0-1: Called Strike 0-2: Ball 1-2: Foul Ball, location: 2F 1-2: SINGLE (Line Drive, 4D, EV 96.2 MPH) Chiel Palstermans to third Runner from 3rd tries for Home, throw by CF and OUT! 8-2
|
|
Batting: LHB Nick Rooney
|
0-0: Called Strike 0-1: Ball 1-1: Called Strike 1-2: Ball 2-2: Foul Ball, location: 2F 2-2: Foul Ball, location: 2F 2-2: Strikes out swinging
|
| Bottom of the 1st over - 0 runs, 1 hit, 1 error, 1 left on base; Milwaukee 0 - Pittsburgh 0 |
| TOP OF THE 2ND |
|
Milwaukee Brewers batting - Pitching for Pittsburgh Pirates : LHP Felix Bernal
|
|
Batting: RHB Dave Gonzalez
|
0-0: Ball 1-0: Called Strike 1-1: Ball 2-1: Ball 3-1: Called Strike 3-2: Foul Ball, location: 2F 3-2: Foul Ball, location: 2F 3-2: Strikes out swinging
|
|
Batting: RHB Daniel Donovan
|
0-0: Ball 1-0: SINGLE (Flyball, 89S, EV 99.4 MPH)
|
|
Batting: LHB Eric Klasek
|
0-0: Ball 1-0: Grounds into double play, 5-4-3 (Groundball, 56, EV 107.5 MPH)
|
| Top of the 2nd over - 0 runs, 1 hit, 0 errors, 0 left on base; Milwaukee 0 - Pittsburgh 0 |
| BOTTOM OF THE 2ND |
|
Pittsburgh Pirates batting - Pitching for Milwaukee Brewers : RHP Mekonen Mahfudh
|
|
Batting: RHB David Contreras
|
0-0: Foul Ball, location: 2F 0-1: Ground out 6-3 (Groundball, 6, EV 105.0 MPH)
|
|
Batting: LHB Xavier Pittman
|
0-0: Fly out, F8 (Flyball, 8RM, EV 94.4 MPH)
|
|
Batting: SHB Jack Andrews
|
0-0: Ball 1-0: Ball 2-0: Fly out, F8 (Flyball, 8RM, EV 93.1 MPH)
|
| Bottom of the 2nd over - 0 runs, 0 hits, 0 errors, 0 left on base; Milwaukee 0 - Pittsburgh 0 |
| TOP OF THE 3RD |
|
Milwaukee Brewers batting - Pitching for Pittsburgh Pirates : LHP Felix Bernal
|
|
Batting: RHB Jose Morrissey
|
0-0: Ball 1-0: SOLO HOME RUN (Line Drive, 7LD, EV 93.8 MPH), Distance : 358 ft
|
|
Batting: RHB Naofumi Ishida
|
0-0: Ball 1-0: Foul Ball, location: 2F 1-1: Foul Ball, location: 2F 1-2: Ball 2-2: Strikes out swinging
|
|
Batting: LHB Gabe Harvey
|
0-0: DOUBLE (Line Drive, 5D, EV 103.1 MPH)
|
|
Batting: LHB Jason Peck
|
0-0: Ball 1-0: Ball 2-0: Called Strike 2-1: Swinging Strike 2-2: Strikes out looking
|
|
Batting: RHB Kisho Ito
|
0-0: SINGLE (Line Drive, 78M, EV 98.1 MPH) Gabe Harvey to third
|
|
Batting: SHB Lewis Thorpe Jr.
|
0-0: Ball 1-0: Called Strike 1-1: Ball 2-1: SINGLE (Line Drive, 3D, EV 95.0 MPH) Gabe Harvey scores Kisho Ito to second Runner from 2nd tries for 3rd, SAFE, throw by RF made to third
|
|
Batting: RHB Dave Gonzalez
|
0-0: Fly out, F8 (Flyball, 8LM, EV 75.6 MPH)
|
| Top of the 3rd over - 2 runs, 4 hits, 0 errors, 2 left on base; Milwaukee 2 - Pittsburgh 0 |
| BOTTOM OF THE 3RD |
|
Pittsburgh Pirates batting - Pitching for Milwaukee Brewers : RHP Mekonen Mahfudh
|
|
Batting: RHB Jason Moss
|
0-0: Ground out 5-3 (Groundball, 56, EV 104.4 MPH)
|
|
Batting: SHB Trevor Weareorwear
|
0-0: Ball 1-0: Foul Ball, location: 2F 1-1: Ball 2-1: Foul Ball, location: 2F 2-2: Fly out, F9 (Line Drive, 9, EV 89.4 MPH)
|
|
Batting: LHB Micah Boshnjaku
|
0-0: Ball 1-0: Ball 2-0: Swinging Strike 2-1: Ball 3-1: Base on Balls
|
|
Batting: RHB Chiel Palstermans
|
0-0: Ball 1-0: Ball Micah Boshnjaku is caught stealing 2nd base 2-4
|
| Bottom of the 3rd over - 0 runs, 0 hits, 0 errors, 0 left on base; Milwaukee 2 - Pittsburgh 0 |
| TOP OF THE 4TH |
|
Milwaukee Brewers batting - Pitching for Pittsburgh Pirates : LHP Felix Bernal
|
|
Batting: RHB Daniel Donovan
|
0-0: Called Strike 0-1: Foul Ball, location: 2F 0-2: Ball 1-2: Strikes out swinging
|
|
Batting: LHB Eric Klasek
|
0-0: Swinging Strike 0-1: Ground out 5-3 (Groundball, 5S, EV 66.9 MPH)
|
|
Batting: RHB Jose Morrissey
|
0-0: Fly out, F8 (Flyball, 8LD, EV 99.4 MPH)
|
| Top of the 4th over - 0 runs, 0 hits, 0 errors, 0 left on base; Milwaukee 2 - Pittsburgh 0 |
| BOTTOM OF THE 4TH |
|
Pittsburgh Pirates batting - Pitching for Milwaukee Brewers : RHP Mekonen Mahfudh
|
|
Batting: RHB Chiel Palstermans
|
0-0: Foul Ball, location: 2F 0-1: Ball 1-1: SOLO HOME RUN (Flyball, 7LD, EV 101.2 MPH), Distance : 377 ft
|
|
Batting: LHB Brad Pepin
|
0-0: Ball 1-0: Called Strike 1-1: Foul Ball, location: 2F 1-2: Foul Ball, location: 2F 1-2: Foul Ball, location: 2F 1-2: Foul Ball, location: 2F 1-2: Foul Ball, location: 2F 1-2: Ball 2-2: Foul Ball, location: 2F 2-2: Foul Ball, location: 2F 2-2: DOUBLE (Flyball, 8LXD, EV 112.5 MPH)
|
|
Batting: LHB Nick Rooney
|
0-0: Ground out 5-3 (Groundball, 56, EV 85.0 MPH)
|
|
Batting: RHB David Contreras
|
0-0: Ball 1-0: Called Strike 1-1: Ball 2-1: Foul Ball, location: 2F 2-2: Strikes out swinging
|
|
Batting: LHB Xavier Pittman
|
0-0: Ball 1-0: Called Strike 1-1: Swinging Strike 1-2: Strikes out looking
|
| Bottom of the 4th over - 1 run, 2 hits, 0 errors, 1 left on base; Milwaukee 2 - Pittsburgh 1 |
| TOP OF THE 5TH |
|
Milwaukee Brewers batting - Pitching for Pittsburgh Pirates : LHP Felix Bernal
|
|
Batting: RHB Naofumi Ishida
|
0-0: Foul Ball, location: 2F 0-1: Ball 1-1: Foul Ball, location: 2F 1-2: Strikes out swinging
|
|
Batting: LHB Gabe Harvey
|
0-0: Ball 1-0: Called Strike 1-1: Ball 2-1: Ball 3-1: Fly out, F7 (Flyball, 7LS, EV 96.2 MPH)
|
|
Batting: LHB Jason Peck
|
0-0: Called Strike 0-1: Foul Ball, location: 2F 0-2: Ball 1-2: Ball 2-2: Strikes out looking
|
| Top of the 5th over - 0 runs, 0 hits, 0 errors, 0 left on base; Milwaukee 2 - Pittsburgh 1 |
| BOTTOM OF THE 5TH |
|
Pittsburgh Pirates batting - Pitching for Milwaukee Brewers : RHP Mekonen Mahfudh
|
|
Batting: SHB Jack Andrews
|
0-0: Called Strike 0-1: Ground out 3-1 (Groundball, 34, EV 83.8 MPH)
|
|
Batting: RHB Jason Moss
|
0-0: Ball 1-0: Called Strike 1-1: Ground out 6-3 (Groundball, 6, EV 103.1 MPH)
|
|
Batting: SHB Trevor Weareorwear
|
0-0: Ground out 5-3 (Groundball, 5, EV 91.2 MPH)
|
| Bottom of the 5th over - 0 runs, 0 hits, 0 errors, 0 left on base; Milwaukee 2 - Pittsburgh 1 |
| TOP OF THE 6TH |
|
Milwaukee Brewers batting - Pitching for Pittsburgh Pirates : LHP Felix Bernal
|
|
Batting: RHB Kisho Ito
|
0-0: Ball 1-0: Foul Ball, location: 2F 1-1: Ball 2-1: Foul Ball, location: 2F 2-2: DOUBLE (Line Drive, 89D, EV 103.8 MPH)
|
|
Batting: SHB Lewis Thorpe Jr.
|
0-0: Intentional Walk
|
|
Batting: RHB Dave Gonzalez
|
0-0: Ball 1-0: Swinging Strike 1-1: Foul Ball, location: 2F 1-2: Ball 2-2: Fly out, F7 (Flyball, 7, EV 83.8 MPH)
|
|
Batting: RHB Daniel Donovan
|
0-0: Ball 1-0: SINGLE (Groundball, 56S, EV 66.2 MPH) (infield hit) Kisho Ito to third Lewis Thorpe Jr. to second
|
|
Batting: LHB Eric Klasek
|
0-0: Called Strike 0-1: Ball 1-1: Ball 2-1: Foul Ball, location: 2F 2-2: Foul Ball, location: 2F 2-2: Strikes out swinging
|
|
Batting: RHB Jose Morrissey
|
0-0: Ball 1-0: Ball 2-0: Foul Ball, location: 2F 2-1: Ball 3-1: Base on Balls Kisho Ito scores Lewis Thorpe Jr. to third Daniel Donovan to second
|
|
Batting: RHB Naofumi Ishida
|
0-0: Called Strike 0-1: Swinging Strike 0-2: Ball 1-2: Ball 2-2: Strikes out swinging
|
| Top of the 6th over - 1 run, 2 hits, 0 errors, 3 left on base; Milwaukee 3 - Pittsburgh 1 |
| BOTTOM OF THE 6TH |
|
Pittsburgh Pirates batting - Pitching for Milwaukee Brewers : RHP Mekonen Mahfudh
|
|
Batting: LHB Micah Boshnjaku
|
0-0: Swinging Strike 0-1: Ground out 4-3 (Groundball, 4, EV 107.5 MPH)
|
|
Batting: RHB Chiel Palstermans
|
0-0: Ball 1-0: Fly out, F8 (Flyball, 8RS, EV 91.2 MPH)
|
|
Batting: LHB Brad Pepin
|
0-0: Ball 1-0: Ball 2-0: Foul Ball, location: 2F 2-1: Foul Ball, location: 2F 2-2: Fly out, F8 (Line Drive, 8RM, EV 96.9 MPH)
|
| Bottom of the 6th over - 0 runs, 0 hits, 0 errors, 0 left on base; Milwaukee 3 - Pittsburgh 1 |
| TOP OF THE 7TH |
|
Milwaukee Brewers batting - Pitching for Pittsburgh Pirates : LHP Felix Bernal
|
|
Batting: LHB Gabe Harvey
|
0-0: Called Strike 0-1: Foul Ball, location: 2F 0-2: Ball 1-2: Strikes out swinging
|
|
Batting: LHB Jason Peck
|
0-0: Foul Ball, location: 2F 0-1: Ball 1-1: Ball 2-1: Ground out 2-3 (Groundball, 13S, EV 73.8 MPH)
|
|
Batting: RHB Kisho Ito
|
0-0: Called Strike 0-1: Ball 1-1: Ball 2-1: Called Strike 2-2: Ball 3-2: Foul Ball, location: 2F 3-2: Fly out, F7 (Flyball, 78D, EV 103.1 MPH)
|
| Top of the 7th over - 0 runs, 0 hits, 0 errors, 0 left on base; Milwaukee 3 - Pittsburgh 1 |
| BOTTOM OF THE 7TH |
|
Pittsburgh Pirates batting - Pitching for Milwaukee Brewers : RHP Mekonen Mahfudh
|
|
Batting: LHB Nick Rooney
|
0-0: Ball 1-0: Ball 2-0: Ball 3-0: Called Strike 3-1: Ground out 5-3 (Groundball, 56, EV 87.5 MPH)
|
|
Batting: RHB David Contreras
|
0-0: Called Strike 0-1: Swinging Strike 0-2: Foul Ball, location: 2F 0-2: Ball 1-2: Foul Ball, location: 2F 1-2: Foul Ball, location: 2F 1-2: Foul Ball, location: 2F 1-2: Foul Ball, location: 2F 1-2: Foul Ball, location: 2F 1-2: Foul Ball, location: 2F 1-2: Strikes out looking
|
|
Batting: LHB Xavier Pittman
|
0-0: Called Strike 0-1: Ball 1-1: Ball 2-1: Ground out 4-3 (Groundball, 4, EV 81.9 MPH)
|
| Bottom of the 7th over - 0 runs, 0 hits, 0 errors, 0 left on base; Milwaukee 3 - Pittsburgh 1 |
| TOP OF THE 8TH |
|
Milwaukee Brewers batting - Pitching for Pittsburgh Pirates : LHP Felix Bernal
|
|
Batting: SHB Lewis Thorpe Jr.
|
0-0: Ball 1-0: Foul Ball, location: 2F 1-1: Called Strike 1-2: Ball 2-2: TRIPLE (Line Drive, 89XD, EV 106.2 MPH)
|
|
Batting: RHB Dave Gonzalez
|
0-0: Intentional Walk
|
|
Pitching: RHP Walt Quinn
|
|
|
Batting: RHB Daniel Donovan
|
0-0: Called Strike 0-1: Swinging Strike 0-2: Ball 1-2: Foul Ball, location: 2F 1-2: Grounds into double play, 6-4-3 (Groundball, 6, EV 81.9 MPH) Lewis Thorpe Jr. scores
|
|
Pitching: RHP Josh Ambrose
|
|
|
Batting: LHB Eric Klasek
|
0-0: Called Strike 0-1: DOUBLE (Line Drive, 78D, EV 98.8 MPH)
|
|
Batting: RHB Jose Morrissey
|
0-0: Ball 1-0: Ball 2-0: Foul Ball, location: 2F 2-1: Foul Ball, location: 2F 2-2: Strikes out swinging
|
| Top of the 8th over - 1 run, 2 hits, 0 errors, 1 left on base; Milwaukee 4 - Pittsburgh 1 |
| BOTTOM OF THE 8TH |
|
Pittsburgh Pirates batting - Pitching for Milwaukee Brewers : RHP Mekonen Mahfudh
|
|
Pitching: RHP Jeff Urry
|
|
|
Batting: SHB Jack Andrews
|
0-0: Ball 1-0: Called Strike 1-1: Called Strike 1-2: SINGLE (Groundball, 15S, EV 73.8 MPH) (infield hit)
|
|
Pinch Hitting: LHB Jordan de Jesus
|
0-0: Ball 1-0: Swinging Strike 1-1: Foul Ball, location: 2F 1-2: Ball 2-2: Foul Ball, location: 2F 2-2: Fielders Choice at 2nd, 6-4 (Groundball, 6, EV 86.9 MPH)
|
|
Batting: SHB Trevor Weareorwear
|
0-0: Foul Ball, location: 2F 0-1: Reached on error, E1 (Groundball, 13, EV 71.9 MPH) Jordan de Jesus to second
|
|
Batting: LHB Micah Boshnjaku
|
0-0: Swinging Strike 0-1: Swinging Strike 0-2: Foul Ball, location: 2F 0-2: Foul Ball, location: 2F 0-2: Ball 1-2: Fly out, F8 (Flyball, 8LM, EV 81.9 MPH)
|
|
Batting: RHB Chiel Palstermans
|
0-0: Ball 1-0: Ball 2-0: Called Strike 2-1: Ball 3-1: Base on Balls Jordan de Jesus to third Trevor Weareorwear to second
|
|
Batting: LHB Brad Pepin
|
0-0: Called Strike 0-1: Fly out, F5 (Line Drive, 5, EV 64.4 MPH)
|
| Bottom of the 8th over - 0 runs, 1 hit, 1 error, 3 left on base; Milwaukee 4 - Pittsburgh 1 |
| TOP OF THE 9TH |
|
Milwaukee Brewers batting - Pitching for Pittsburgh Pirates : RHP Josh Ambrose
|
|
Now at 2B: Jordan de Jesus
|
|
|
Now in LF: Xavier Pittman
|
|
|
Pinch Hitting: SHB Junzo Kato
|
0-0: Called Strike 0-1: Ball 1-1: Foul Ball, location: 2F 1-2: Strikes out swinging
|
|
Batting: LHB Gabe Harvey
|
0-0: Called Strike 0-1: Ball 1-1: Ball 2-1: Foul Ball, location: 2F 2-2: Ball 3-2: Strikes out looking
|
|
Batting: LHB Jason Peck
|
0-0: Called Strike 0-1: Ball 1-1: Foul Ball, location: 2F 1-2: Foul Ball, location: 2F 1-2: Strikes out swinging
|
| Top of the 9th over - 0 runs, 0 hits, 0 errors, 0 left on base; Milwaukee 4 - Pittsburgh 1 |
| BOTTOM OF THE 9TH |
|
Pittsburgh Pirates batting - Pitching for Milwaukee Brewers : RHP Jeff Urry
|
|
Pitching: RHP Timóteo Metzener
|
|
|
Now at C: Ben Campbell
|
|
|
Batting: LHB Nick Rooney
|
0-0: Called Strike 0-1: Foul Ball, location: 2F 0-2: Ball 1-2: Foul Ball, location: 2F 1-2: Ball 2-2: Strikes out swinging
|
|
Batting: RHB David Contreras
|
0-0: Called Strike 0-1: Swinging Strike 0-2: Strikes out swinging
|
|
Batting: LHB Xavier Pittman
|
0-0: Fly out, F8 (Flyball, 8LS, EV 73.8 MPH)
|
| Bottom of the 9th over - 0 runs, 0 hits, 0 errors, 0 left on base; Milwaukee 4 - Pittsburgh 1 |
|